 Dungeon Crawl Stone Soup version 0.25-a0-663-gace7076f2c (webtiles) character file.

Game seed: 7641351227699907142, levelgen mode: deterministic

1437 Flugkiller the Magician (level 8, 0/54 HPs)
             Began as an Octopode Wizard on Mar 25, 2020.
             Was a Follower of Uskayaw.
             Slain by a komodo dragon (29 damage)
             ... on level 6 of the Dungeon.
             The game lasted 00:14:39 (8772 turns).

Flugkiller the Magician (Octopode Wizard)           Turns: 8772, Time: 00:14:39

Health: 0/54       AC:  2    Str:  7    XL:     8   Next: 74%
Magic:  15/17      EV: 13    Int: 22    God:    Uskayaw [*.....]
Gold:   225        SH:  6    Dex: 10    Spells: 8/19 levels left

rFire    . . .     SeeInvis .   o - +1 dagger (drain)
rCold    . . .     Gourm    .   r - +2 buckler
rNeg     . . .     Faith    .   a - +1 hat
rPois    .         Spirit   .   (no amulet)
rElec    .         Reflect  .   j - ring of stealth
rCorr    .         Harm     .   w - ring of protection from magic
MR       +....                  (no ring)
Stlth    ++++......             (no ring)
HPRegen  0.18/turn              (no ring)
MPRegen  0.15/turn              (no ring)
                                (no ring)
                                (no ring)

@: no status effects
A: almost no armour, stealthy swim, amphibious, 8 rings, constrict 8, camouflage
1, gelatinous body 1
a: Stomp, Renounce Religion


You were on level 6 of the Dungeon.
You worshipped Uskayaw.
Uskayaw was noncommittal.
You were hungry.

You visited 2 branches of the dungeon, and saw 7 of its levels.
You also visited: Ossuary.

You collected 225 gold pieces.

Inventory:

Hand Weapons
 b - a +1 dagger of venom
   (You took it off an orc wizard on level 3 of the Dungeon)
 o - a +1 dagger of draining (weapon)
   (You took it off a kobold on level 2 of the Dungeon)
Armour
 a - a +1 hat (worn)
 r - a +2 buckler (worn)
   (You took it off an orc wizard on level 3 of the Dungeon)
Jewellery
 j - a ring of stealth (left tentacle)
   (You found it on level 1 of the Dungeon)
 w - a ring of protection from magic (right tentacle)
   (You found it on level 6 of the Dungeon)
Wands
 k - a wand of enslavement (7)
   (You took it off Ijyb on level 3 of the Dungeon)
 z - a wand of polymorph (9)
   (You found it on level 6 of the Dungeon)
Scrolls
 e - 2 scrolls of teleportation
 f - a scroll of blinking
 g - a scroll of enchant weapon
 h - a scroll of magic mapping
 i - 4 scrolls of remove curse
 m - a scroll of amnesia {unknown}
 n - 2 scrolls of random uselessness {unknown}
 s - a scroll of silence {unknown}
 y - a scroll of identify
Potions
 d - 2 potions of stabbing
 l - 4 potions of curing
 p - 2 potions of magic {unknown}
 q - a potion of resistance
 t - a potion of flight {unknown}
 u - a potion of mutation {unknown}
 v - a potion of lignification {unknown}
 x - a potion of brilliance {unknown}
Comestibles
 c - 9 rations


   Skills:
 + Level 4.2 Fighting
 + Level 2.3 Dodging
 - Level 2.6 Stealth
 - Level 4.0 Shields
 - Level 6.1 Spellcasting
 - Level 5.0 Conjurations
 - Level 1.0 Summonings
 - Level 1.0 Translocations
 - Level 1.1 Fire Magic
 - Level 1.0 Air Magic
 - Level 2.0 Poison Magic
 + Level 1.1 Invocations


You had 8 spell levels left.
You knew the following spells:

 Your Spells              Type           Power        Failure   Level  Hunger
a - Magic Dart            Conj           ####         1%          1    None
b - Call Imp              Summ           ##......     9%          2    None
c - Conjure Flame         Conj/Fire      ###.....     8%          3    #......
d - Mephitic Cloud        Conj/Pois/Air  ###.....     9%          3    #......
r - Blink                 Tloc           N/A          9%          2    None

Your spell library contained the following spells:

 Spells                   Type           Power        Failure   Level  Hunger
 Apportation              Tloc           ##....       6%          1    None
 Summon Small Mammal      Summ           ##..         6%          1    None
 Animate Skeleton         Necr           N/A          9%          1    None
 Corona                   Hex            #......      9%          1    None
 Slow                     Hex            #.......     14%         2    None


Dungeon Overview and Level Annotations

Branches:
Dungeon (6/15)             Temple (1/1) D:5         Ossuary (visited)

Altars:
Cheibriados
Dithmenos
Elyvilon
Fedhas
Gozag
Hepliaklqana
Kikubaaqudgha
Makhleb
Okawaru
Qazlal
Ru
Sif Muna
Trog
Uskayaw
Wu Jian
Xom
Yredelemnul
Zin
The Shining One

Annotations:
D:4 Grinder
D:5 exclusion: centaur
D:6 2 runed translucent doors


Innate Abilities, Weirdness & Mutations

You cannot wear most types of armour.
You are very stealthy in the water. (Stealth+)
You are amphibious.
You can wear up to eight rings at the same time.
You can use your tentacles to constrict eight enemies at once.
Your skin changes colour to match your surroundings (Stealth+).
Your rubbery body absorbs attacks. (AC +1, EV +1)


Message History

You squeeze the crimson imp.
The crimson imp is moderately wounded.
The crimson imp hits you but does no damage.
You block the crimson imp's attack.
The crimson imp grinds its teeth.
The crimson imp blinks!
The crimson imp puffs mist at you.
The crimson imp blinks!
The crimson imp blinks!
Casting: Magic Dart (safe; 1% risk of failure)
Confirm with . or Enter, or press ? or * to list all spells.
The fire begins to smolder!
The crimson imp blinks!
The fire ignites!
Casting: Conjure Flame (safe; 8% risk of failure)
Confirm with . or Enter, or press ? or * to list all spells.
The fire begins to smolder!
The fire ignites!
Casting: Conjure Flame (safe; 8% risk of failure)
Confirm with . or Enter, or press ? or * to list all spells.
Aiming: Magic Dart (safe; 1% risk of failure)
Press: ? - help, Shift-Dir - straight line, f - crimson imp
Aim: a crimson imp The magic dart hits the crimson imp but does no damage.
Evoke which item? (* to show all) (? for menu, Esc to quit)
Okay, then.
The komodo dragon is engulfed in blazing flames.
You barely miss the komodo dragon.
You squeeze the komodo dragon, but do no damage.
The komodo dragon is lightly wounded.
The komodo dragon is engulfed in blazing flames.
The komodo dragon barely misses you.
You hit the komodo dragon but do no damage.
The komodo dragon is moderately wounded.
The komodo dragon is engulfed in blazing flames.
The komodo dragon bites you!!
Ouch! That really hurt!
* * * LOW HITPOINT WARNING * * *
The crimson imp blinks!
The komodo dragon is engulfed in blazing flames.
The komodo dragon closely misses you.
A quokka skeleton comes into view.
You block the quokka skeleton's attack.
The crimson imp summons a swarm of flies.
There is an open door here.
There is an open door here.
Casting: Magic Dart (safe; 1% risk of failure)
Confirm with . or Enter, or press ? or * to list all spells.
You blink.
The komodo dragon bites you!!
Ouch! That really hurt!
You die...

.#...........#......#...)'..##
.########....#......#....#..#
##
........######......#....#..#
##.
...<................#.##.#..#
#.#
#.......>.....#######.#####.#
### #.............#........#
#.##...
#............ยง#........#
#..####
#.............'l.......#
##.....
#.............#.@......#
####..
#........<....#........# ##.#
#.......####'#########.# #...
#########.....# ## #...
#.....# #... #.....# #...
#.....# #... #.....# #...
####### #...


You could see a komodo dragon.

Vanquished Creatures
  Menkaure (D:4)
  A water moccasin (D:6)
  2 ogres
  2 phantoms
  An ice beast (D:5)
  A centaur (D:5)
  2 hounds
  2 orc priests
  Ijyb (D:3)
  2 iguanas (D:5)
  4 orc wizards
  3 worker ants
  A hound skeleton (D:4)
  4 gnolls (D:6)
  A howler monkey skeleton (D:6)
  A scorpion zombie (Ossuary)
  9 adders
  A shadow imp (D:5)
  3 oozes
  An adder zombie (D:5)
  12 dart slugs
  A worm (D:5)
  3 leopard geckos
  16 orcs
  8 bats
  4 giant cockroaches
  7 goblins
  8 hobgoblins
  10 jackals
  A quokka (D:2)
  A ball python (D:2)
  2 frilled lizards
  A jackal skeleton (D:6)
  A jackal zombie (D:5)
  8 kobolds
  A leopard gecko skeleton (D:4)
  A leopard gecko zombie (D:5)
  9 rats
137 creatures vanquished.

Vanquished Creatures (collateral kills)
  An orc zombie (Ossuary)
1 creature vanquished.

Grand Total: 138 creatures vanquished

Notes
Turn   | Place    | Note
-------+----------+-------------------------------------------
     0 | D:1      | Flugkiller the Octopode Wizard began the quest for the Orb.
     0 | D:1      | Reached XP level 1. HP: 11/11 MP: 4/4
   217 | D:1      | Reached XP level 2. HP: 17/17 MP: 1/6
   284 | D:1      | Reached skill level 1 in Fighting
  1264 | D:2      | Reached XP level 3. HP: 22/23 MP: 1/7
  1624 | D:2      | Found a blossoming altar of Fedhas.
  2211 | D:3      | Reached XP level 4. HP: 28/28 MP: 5/9
  2312 | D:3      | Learned a level 2 spell: Call Imp
  2316 | D:3      | Learned a level 3 spell: Conjure Flame
  2320 | D:3      | Learned a level 3 spell: Mephitic Cloud
  2441 | D:3      | Found a stormy altar of Qazlal.
  2469 | D:3      | Reached XP level 5. HP: 12/33 MP: 7/10
  2687 | D:3      | Reached skill level 1 in Poison Magic
  2773 | D:3      | Noticed Ijyb
  2779 | D:3      | Reached skill level 1 in Air Magic
  2798 | D:3      | Killed Ijyb
  2798 | D:3      | Reached skill level 1 in Fire Magic
  2882 | D:3      | Found a white marble altar of Elyvilon.
  3030 | D:4      | Found a sand-covered staircase.
  3035 | Ossuary  | Entered an ossuary
  3347 | D:4      | Noticed Menkaure
  3672 | D:3      | Found a stormy altar of Qazlal.
  3714 | D:3      | Reached skill level 4 in Spellcasting
  3874 | D:4      | Reached XP level 6. HP: 32/38 MP: 10/12
  4360 | D:4      | Noticed Grinder
  4640 | D:4      | Found a shimmering blue altar of Sif Muna.
  4650 | D:4      | Noticed a phantom
  5293 | D:4      | Killed Menkaure
  5293 | D:4      | Reached skill level 1 in Shields
  5293 | D:4      | Reached XP level 7. HP: 37/44 MP: 1/14
  5467 | D:4      | Reached skill level 5 in Spellcasting
  5845 | D:4      | Found a shimmering blue altar of Sif Muna.
  6009 | D:5      | Entered Level 5 of the Dungeon
  6193 | D:5      | Reached skill level 5 in Conjurations
  6297 | D:5      | Found a staircase to the Ecumenical Temple.
  6312 | Temple   | Entered the Ecumenical Temple
  6426 | Temple   | Became a worshipper of Uskayaw the Reveler
  6451 | D:5      | Reached * piety under Uskayaw
  6458 | D:5      | Reached ** piety under Uskayaw
  7016 | D:5      | Found a hazy altar of Hepliaklqana.
  7105 | D:5      | Reached XP level 8. HP: 34/52 MP: 14/16
  7263 | D:5      | Found an ornate altar of the Wu Jian Council.
  7800 | D:5      | Learned a level 2 spell: Blink
  7846 | D:6      | Reached *** piety under Uskayaw
  8182 | D:6      | Found a large runed translucent door.
  8182 | D:6      | Found a large runed translucent door.
  8457 | D:6      | Reached skill level 6 in Spellcasting
  8462 | D:6      | Found a large runed translucent door.
  8463 | D:6      | Found a large runed translucent door.
  8494 | D:6      | Reached skill level 1 in Invocations
  8627 | D:6      | Noticed a komodo dragon
  8772 | D:6      | Slain by a komodo dragon

Levels and vault maps discovered:
D:1:      dpeg_arrival_circle_labyrinth_b, layout_basic
D:2:      layout_rooms, fedhas_altar_1
D:3:      layout_rooms, grunt_qazlal_clouds, lemuel_doored_altar, first_ration,
          uniq_ijyb
D:4:      kennysheep_slugbush, layout_basic, kennysheep_mini_moat,
          nicolae_ossuary_entry_monument, lemuel_blue_sif_altar, uniq_menkaure,
          uniq_grinder
D:5:      layout_basic, nicolae_overflow_hidden_temple,
          minmay_temple_entry_sparse_star, basic_altar
D:6:      layout_gridville, solitary_fountain, minmay_hollow_rounded_squares
Temple:   regret_index_temple_waves

Skill      XL: |  1  2  3  4  5  6  7  8 |
---------------+-------------------------+-----
Conjurations   | 2 3 4 5 |  5.0
Fighting       | 1 3 4 |  4.2
Poison Magic   | 2 |  2.0
Air Magic      | 1 |  1.0
Fire Magic     | 1 |  1.1
Spellcasting   | 4 5 6 |  6.1
Shields        | 1 2 4 |  4.0
Invocations    | 1 |  1.1
Dodging        | |  2.3
Stealth        | |  2.6
Summonings     | |  1.0
Translocations | |  1.0

Action                   |  1- 3 |  4- 6 |  7- 9 || total
-------------------------+-------+-------+-------++-------
Melee: Dagger            |    45 |   151 |   122 ||   318
       Tentacles         |     6 |    11 |    22 ||    39
       Constrict         |     8 |    34 |    20 ||    62
 Cast: Magic Dart        |    67 |    80 |    95 ||   242
       Mephitic Cloud    |       |     1 |     1 ||     2
       Conjure Flame     |       |     2 |     5 ||     7
       Call Imp          |       |     1 |     3 ||     4
       Blink             |       |       |     2 ||     2
Evoke: Wand              |       |     3 |       ||     3
  Use: Scroll            |     6 |     3 |     5 ||    14
       Potion            |       |     3 |       ||     3
 Stab: Sleeping          |     1 |     5 |     3 ||     9
       Distracted        |       |     1 |       ||     1
       Confused          |       |     1 |       ||     1
       Paralysed         |       |       |     1 ||     1
  Eat: Chunk             |     4 |     7 |     6 ||    17
       Ration            |       |     1 |     1 ||     2
Armor: Skin              |     8 |    11 |    10 ||    29
Dodge: Dodged            |    39 |    99 |    77 ||   215
Block: Buckler           |       |       |    46 ||    46

Table legend:
 A = Non-vault XP
 B = Vault XP
 C = Vault XP percentage of total XP
 D = Non-vault monster count
 E = Vault monster count
 F = Vault count percentage of total count
                 A         B        C        D         E       F
            +---------+---------+-------+---------+---------+-------
      Total |    1520 |     534 |  26.0 |     120 |      18 |  13.0
            +---------+---------+-------+---------+---------+-------
        D:1 |      33 |       0 |   0.0 |      18 |       0 |   0.0
        D:2 |      45 |       0 |   0.0 |      17 |       0 |   0.0
        D:3 |     261 |      36 |  12.1 |      38 |       1 |   2.6
        D:4 |     377 |     219 |  36.7 |      18 |      12 |  40.0
        D:5 |     525 |       0 |   0.0 |      15 |       0 |   0.0
        D:6 |     279 |     264 |  48.6 |      14 |       3 |  17.6
    Ossuary |       0 |      15 | 100.0 |       0 |       2 | 100.0
            +---------+---------+-------+---------+---------+-------
